Map: Winter's Gate LE

Players

Cham - Winner!

  • Race: Zerg Zerg
  • Spawn Location: 5:00

Bioice

  • Race: Zerg Zerg
  • Spawn Location: 11:00

VOD

Have the link to the VOD?

Description

Time

  • Played on: Sept. 6, 2019, 2:05 p.m.
  • Length: 13:31
Show
View Real Time Build Order
Export as new Build Order

Cham Zerg - Winner!

Build Orders: Hatch First, Zergling Baneling 

Get SALT Encoding   

  12  0:00  Drone  
  13  0:08  Drone  
  14  0:16  Overlord  
  14  0:34  Drone x2  
  16  0:46  Hatchery  
  15  0:51  Drone  
  15  0:55  Drone  
  17  0:57  Drone  
  18  1:09  Extractor  
  17  1:12  Spawning Pool  
  17  1:16  Drone  
  17  1:19  Drone  
  18  1:29  Drone  
  19  1:44  Overlord  
  19  1:59  Queen x2  
  19  2:00  Zergling x4  
  25  2:02  Zergling x2  
  26  2:09  Drone  
  26  2:11  Metabolic Boost  
  26  2:14  Drone  
  28  2:20  Drone  
  29  2:23  Drone  
  30  2:37  Hatchery  
  29  2:47  Drone  
  29  2:50  Baneling Nest  
  29  2:53  Drone  
  29  2:54  Drone x2  
  32  3:01  Zergling x4  
  34  3:06  Overlord  
  34  3:07  Drone  
  35  3:13  Zergling x2  
  35  3:18  Overlord  
  36  3:26  Overlord  
  36  3:27  Drone x3  
  36  3:30  Drone  
  36  3:32  Zergling x2  
  41  3:36  Baneling x2  
  41  3:41  Zergling x4  
  42  3:45  Zergling x4  
  42  3:47  Zergling x2  
  42  3:48  Zergling x2  
  45  3:50  Zergling x2  
  45  3:52  Zergling x2  
  45  3:54  Zergling x2  
  45  3:55  Baneling  
  45  3:57  Zergling x2  
  45  4:03  Zergling x4  
  45  4:04  Zergling x2  
  45  4:05  Baneling  
  45  4:08  Baneling x2  
  44  4:12  Queen  
  46  4:20  Queen  
  46  4:23  Queen  
  50  4:26  Drone  
  50  4:27  Drone  
  51  4:32  Baneling x2  
  51  4:34  Zergling x2  
  51  4:35  Zergling x2, Drone  
  51  4:37  Baneling x2  
  54  4:45  Zergling x2  
  50  4:47  Zergling x2  
  50  4:51  Zergling x4  
  52  4:53  Drone  
  52  4:57  Baneling x2  
  52  4:59  Zergling x2  
  52  5:00  Zergling x2  
  52  5:01  Baneling x2  
  52  5:02  Zergling x4  
  52  5:04  Zergling x2  
  52  5:08  Zergling x4  
  50  5:15  Zergling x2  
  50  5:19  Zergling x4  
  48  5:26  Zergling x2  
  39  5:28  Zergling x2  
  39  5:31  Zergling x2  
  38  5:35  Baneling x2  
  38  5:36  Queen  
  38  5:39  Zergling x4  
  38  5:40  Zergling x2  
  43  5:44  Zergling x2  
  43  5:46  Zergling x4  
  43  5:47  Zergling x4  
  43  5:49  Zergling x2  
  48  5:50  Baneling  
  48  5:52  Zergling x2  
  49  5:59  Zergling x4  
  49  6:00  Queen  
  53  6:12  Zergling x6  
  53  6:13  Zergling x2, Drone  
  57  6:19  Overlord  
  57  6:23  Overlord  
  57  6:30  Drone  
  54  6:33  Drone x3  
  54  6:37  Drone  
  58  6:42  Baneling x2  
  58  6:44  Drone  
  58  6:45  Drone x2  
  53  6:50  Queen x2  
  53  6:57  Drone  
  53  6:58  Drone  
  53  7:01  Baneling  
  53  7:07  Zergling x4  
  53  7:09  Zergling x2  
  49  7:23  Zergling x2  
  49  7:25  Zergling x2  
  49  7:28  Zergling x2  
  45  7:30  Zergling x2  
  45  7:31  Zergling x6  
  45  7:33  Zergling x2  
  42  7:38  Zergling x2  
  42  7:43  Baneling  
  42  7:44  Drone x2  
  44  7:46  Queen  
  44  7:48  Drone  
  48  7:52  Baneling  
  48  7:54  Drone x2  
  50  7:59  Drone  
  50  8:03  Baneling  
  51  8:10  Drone  
  51  8:12  Zergling x4  
  53  8:13  Drone x3  
  53  8:16  Zergling x2  
  53  8:17  Zergling x2, Baneling  
  53  8:18  Baneling  
  56  8:20  Drone  
  56  8:23  Queen  
  59  8:27  Zergling x4  
  59  8:30  Zergling x2  
  62  8:36  Zergling x2  
  62  8:37  Queen  
  62  8:41  Drone x2  
  66  8:48  Drone  
  65  8:51  Roach Warren  
  65  8:52  Drone x2  
  66  8:59  Drone  
  66  9:02  Baneling x2  
  67  9:03  Overlord, Drone  
  67  9:04  Drone  
  67  9:05  Drone x2  
  71  9:13  Overlord  
  70  9:17  Extractor  
  70  9:18  Extractor  
  70  9:19  Zergling x2  
  70  9:21  Zergling x4  
  70  9:22  Drone x2  
  70  9:24  Drone  
  73  9:29  Drone x2  
  73  9:30  Lair, Drone  
  74  9:33  Drone x3  
  74  9:36  Overlord  
  77  9:39  Drone x3  
  77  9:40  Drone  
  77  9:44  Overlord  
  81  9:50  Drone x2, Extractor  
  81  9:51  Overlord, Pneumatized Carapace, Extractor  
  77  10:08  Zergling x6  
  77  10:12  Roach x2  
  77  10:13  Roach x4  
  87  10:19  Drone x2  
  89  10:22  Drone, Roach x2  
  89  10:23  Drone  
  89  10:24  Drone x2  
  89  10:25  Roach  
  89  10:26  Zergling x2, Drone x2  
  101  10:29  Overlord  
  101  10:31  Roach  
  103  10:35  Overlord, Glial Reconstitution  
  103  10:38  Roach  
  103  10:42  Roach  
  107  10:43  Roach  
  107  10:49  Extractor  
  108  10:51  Roach  
  108  10:54  Drone x2  
  112  10:57  Roach  
  112  10:58  Hatchery  
  112  11:02  Roach  
  112  11:03  Roach  
  116  11:11  Drone  
  117  11:12  Evolution Chamber  
  117  11:14  Roach x5  
  117  11:17  Roach  
  128  11:25  Overlord x2  
  128  11:29  Overlord  
  128  11:35  Overlord  
  128  11:36  Overlord  
  128  11:37  Overlord  
  128  11:42  Overlord x2  
  128  11:45  Overseer  
  128  11:47  Roach  
  128  11:48  Roach x2  
  128  11:51  Roach x2  
  128  11:54  Roach  
  140  11:59  Roach x3  
  143  12:02  Roach  
  143  12:05  Roach x2  
  149  12:11  Roach x3  
  149  12:13  Roach  
  157  12:16  Roach  
  157  12:18  Drone  
  157  12:20  Evolution Chamber  
  157  12:22  Roach x2  
  163  12:24  Ravager x4  
  163  12:25  Ravager  
  172  12:30  Roach x2  
  172  12:36  Roach x4  
  180  12:42  Roach x3  
  186  12:45  Roach x2  
  186  12:47  Roach  
  192  12:56  Roach  
  192  12:57  Roach x4  
  197  13:00  Roach  
  197  13:08  Roach  
Show
View Real Time Build Order
Export as new Build Order

Bioice Zerg 

Build Orders: Hatch First, Zergling Baneling 

Get SALT Encoding   

  12  0:01  Drone  
  13  0:13  Overlord  
  13  0:16  Drone  
  14  0:31  Drone x2  
  16  0:49  Hatchery  
  15  0:52  Drone  
  15  0:55  Drone  
  17  0:58  Drone  
  17  1:03  Extractor  
  17  1:14  Spawning Pool  
  17  1:16  Drone  
  17  1:20  Drone  
  18  1:29  Drone  
  19  1:39  Drone  
  20  1:49  Overlord  
  20  2:02  Queen x2  
  20  2:03  Zergling x2  
  20  2:04  Zergling x2  
  20  2:06  Metabolic Boost  
  26  2:12  Drone x2  
  28  2:22  Drone  
  29  2:24  Drone  
  30  2:34  Zergling x2  
  30  2:35  Zergling x2  
  32  2:42  Hatchery  
  31  2:47  Baneling Nest  
  31  2:50  Overlord  
  30  3:09  Drone x2  
  30  3:11  Zergling x2  
  30  3:12  Zergling x12  
  39  3:16  Zergling x2  
  40  3:34  Baneling x2  
  40  3:40  Drone  
  40  3:41  Drone x4  
  37  4:05  Zergling x4  
  37  4:07  Zergling x14  
  44  4:10  Queen  
  44  4:13  Zergling x8  
  50  4:17  Overlord x2  
  50  4:23  Baneling  
  50  4:25  Baneling x2  
  50  4:29  Queen  
  50  4:30  Baneling x3  
  48  4:31  Zergling x2  
  48  4:37  Zergling x4  
  48  4:38  Zergling x2  
  51  4:46  Zergling x2  
  51  4:47  Zergling x6  
  51  4:51  Zergling x2  
  55  4:53  Zergling x2  
  55  4:56  Zergling x2  
  55  4:58  Baneling  
  56  5:03  Zergling x4  
  50  5:08  Baneling x2  
  50  5:13  Zergling x6  
  50  5:19  Zergling x2  
  50  5:20  Zergling x2  
  39  5:29  Zergling x6  
  39  5:31  Zergling x2  
  39  5:34  Zergling x2  
  43  5:38  Zergling x2  
  44  5:45  Zergling x2  
  44  5:47  Zergling x6  
  46  5:59  Zergling x6  
  48  6:06  Zergling x6  
  48  6:09  Baneling x3  
  50  6:17  Baneling  
  50  6:18  Baneling  
  49  6:20  Baneling x4  
  49  6:22  Zergling x2  
  49  6:37  Zergling x4  
  49  6:38  Zergling x8  
  50  6:47  Zergling x6  
  50  6:52  Zergling x2  
  51  6:55  Zergling x4  
  51  6:59  Zergling x2  
  51  7:03  Baneling x3  
  51  7:05  Zergling x2  
  48  7:09  Zergling x2  
  48  7:13  Baneling x3  
  42  7:26  Zergling x2  
  42  7:29  Zergling x2  
  39  7:35  Zergling x6  
  35  7:42  Drone x3  
  36  7:46  Baneling x3  
  36  7:47  Baneling  
  36  7:51  Drone  
  37  7:56  Baneling  
  37  8:01  Drone  
  37  8:03  Drone  
  40  8:05  Drone  
  40  8:07  Drone  
  40  8:10  Drone x2  
  42  8:15  Drone  
  42  8:24  Drone  
  42  8:25  Drone x3  
  42  8:27  Baneling x2  
  46  8:28  Drone  
  46  8:30  Drone  
  45  8:35  Drone x2  
  45  8:38  Drone  
  46  8:41  Drone  
  46  8:42  Drone  
  46  8:46  Drone  
  48  8:56  Extractor  
  48  8:57  Roach Warren, Extractor  
  45  9:04  Evolution Chamber  
  45  9:06  Drone  
  45  9:07  Drone x2  
  46  9:11  Drone x2  
  46  9:13  Drone  
  48  9:17  Drone x2  
  50  9:28  Drone  
  50  9:29  Drone x3  
  54  9:34  Overlord  
  54  9:40  Zerg Missile Weapons Level 1  
  54  9:42  Zergling x2  
  54  9:45  Roach  
  57  9:49  Zergling x2  
  57  9:50  Overlord  
  57  9:53  Roach  
  57  9:54  Zergling x2  
  56  10:09  Drone  
  56  10:10  Drone x6  
  62  10:15  Drone  
  62  10:19  Overlord  
  63  10:25  Drone  
  63  10:27  Extractor x2  
  63  10:28  Drone x3  
  65  10:33  Lair  
  65  10:40  Roach x2  
  65  10:41  Roach  
  71  10:45  Roach  
  71  10:46  Roach x2  
  71  10:48  Roach  
  78  10:50  Overlord  
  78  10:55  Roach x2  
  82  11:01  Overlord x2  
  82  11:08  Overlord x2  
  82  11:12  Roach x3  
  88  11:21  Roach x3  
  88  11:22  Roach  
  96  11:32  Roach x4  
  103  11:33  Roach  
  103  11:35  Roach  
  107  11:41  Roach x3  
  113  11:48  Roach x3  
  119  11:55  Roach  
  120  12:02  Overlord  
  120  12:07  Overlord  
  120  12:10  Tunneling Claws, Extractor  
  120  12:12  Burrow  
  119  12:23  Overlord  
  119  12:24  Overlord  
  119  12:25  Hatchery  
  119  12:27  Pneumatized Carapace  
  118  12:34  Drone  
  118  12:35  Drone x2  
  118  12:36  Roach x4  
  129  12:38  Overlord  
  129  12:44  Ravager x5  
  133  12:48  Roach  
  133  12:49  Roach  
  128  13:01  Roach x6  
  133  13:08  Roach  
  133  13:09  Roach x2  
Tags
 
Add a new tag
Caveats
  • Supply blocks, unpowered buildings, or Contaminate may cause inaccurate times.
  • Supply counts are checked every 10 seconds.